 Dungeon Crawl Stone Soup version 0.22.0-49-gab54619674 (webtiles) character file.

1799 JedernureinKreuz the Conjurer (level 9, 0/65 HPs)
             Began as a Gnoll Conjurer on Sept 7, 2018.
             Was an Initiate of Sif Muna.
             Slain by Duvessa
             ... wielding a +0 rapier
              (7 damage)
             ... on level 7 of the Dungeon on Sept 8, 2018.
             The game lasted 00:36:25 (5707 turns).

JedernureinKreuz the Conjurer (Gnoll Conjurer)      Turns: 5707, Time: 00:36:26

Health: 0/65       AC:  6    Str: 12    XL:     9   Next: 9%
Magic:  8/18       EV: 15    Int: 20    God:    Sif Muna [......]
Gold:   240        SH:  0    Dex: 15    Spells: 10/20 levels left

rFire    . . .     SeeInvis .   e - +2 short sword (elec)
rCold    . . .     Gourm    .   (no shield)
rNeg     . . .     Faith    .   r - +0 leather armour
rPois    .         Spirit   .   l - +0 helmet
rElec    .         Reflect  .   (no cloak)
rCorr    .         Harm     .   (no gloves)
MR       +....                  n - +1 pair of boots
Stlth    +++.......             v - amulet of the acrobat
HPRegen  0.20/turn              z - +4 ring of slaying
MPRegen  0.16/turn              h - ring of protection from magic

@: no status effects
A: distributed training, fangs 1, strong nose
a: Renounce Religion


You were on level 7 of the Dungeon.
You worshipped Sif Muna.
Sif Muna was noncommittal.
You were very hungry.

You visited 2 branches of the dungeon, and saw 8 of its levels.

You collected 240 gold pieces.

Inventory:

Hand Weapons
 e - a +2 short sword of electrocution (weapon)
 t - a +3 flail
 B - a cursed +2 mace
 G - a +1 dagger of speed
Missiles
 f - 147 stones
 i - 36 arrows
 j - 56 bolts
 p - 27 poisoned needles
 s - 6 tomahawks (quivered)
Armour
 a - a +0 robe
 l - a +0 helmet (worn)
 m - a +1 chain mail of cold resistance
 n - a +1 pair of boots (worn)
 r - a +0 leather armour (worn)
Magical Staves
 u - a cursed staff of air {unknown}
Jewellery
 b - an uncursed ring of flight
 h - a ring of protection from magic (right hand)
 v - an amulet of the acrobat (around neck)
 z - a +4 ring of slaying (left hand)
Wands
 q - a wand of random effects (17)
Scrolls
 w - a scroll of blinking
 y - 2 scrolls of teleportation
 C - a scroll of identify
Potions
 d - 3 potions of lignification
 g - a potion of heal wounds {unknown}
 k - 3 potions of curing
 o - a potion of might {unknown}
 x - a potion of ambrosia {unknown}
 A - a potion of experience {unknown}
 D - a potion of magic {unknown}
 F - a potion of degeneration {unknown}
Comestibles
 c - 5 rations


   Skills:
 + Level 3.8 Fighting
 + Level 3.8 Short Blades
 + Level 3.8 Long Blades
 + Level 3.8 Axes
 + Level 3.8 Maces & Flails
 + Level 3.8 Polearms
 + Level 3.8 Staves
 + Level 3.8 Slings
 + Level 3.8 Bows
 + Level 3.8 Crossbows
 + Level 3.8 Throwing
 + Level 3.8 Armour
 + Level 6.0 Dodging
 + Level 5.7 Stealth
 + Level 3.8 Shields
 + Level 3.8 Unarmed Combat
 + Level 6.3 Spellcasting
 + Level 7.8 Conjurations
 + Level 3.1 Hexes
 + Level 3.1 Charms
 + Level 3.1 Summonings
 + Level 3.1 Necromancy
 + Level 3.1 Translocations
 + Level 3.1 Transmutations
 + Level 3.1 Fire Magic
 + Level 3.1 Ice Magic
 + Level 3.1 Air Magic
 + Level 3.1 Earth Magic
 + Level 3.1 Poison Magic
 + Level 4.2 Invocations
 + Level 3.8 Evocations


You had 10 spell levels left.
You knew the following spells:

 Your Spells              Type           Power        Failure   Level  Hunger
a - Magic Dart            Conj           ####         1%          1    None
b - Confuse               Hex            ###.....     11%         3    ##.....
c - Swiftness             Chrm/Air       ###.....     5%          2    None
d - Throw Icicle          Conj/Ice       ####....     13%         4    ####...

Your spell library contained the following spells:

 Spells                   Type           Power        Failure   Level  Hunger
 Shock                    Conj/Air       ####         1%          1    None
 Searing Ray              Conj           #####.       1%          2    None
 Throw Frost              Conj/Ice       ####..       1%          2    None
 Confusing Touch          Hex            ###...       3%          1    None
 Freeze                   Ice            ###.         3%          1    None
 Dazzling Spray           Conj/Hex       ####..       4%          3    ##.....
 Static Discharge         Conj/Air       ####....     4%          3    ##.....
 Iskenderun's Mystic Bla  Conj           #####...     4%          4    ####...
 Gell's Gravitas          Tloc           ###.......   11%         3    ##.....
 Ozocubu's Armour         Chrm/Ice       ###.....     11%         3    ##.....
 Force Lance              Conj/Tloc      ####....     13%         4    ####...
 Fulminant Prism          Conj/Hex       ####......   13%         4    ####...
 Airstrike                Air            ###.......   34%         4    ####...
 Petrify                  Tmut/Erth      ###.....     34%         4    ####...
 Summon Ice Beast         Ice/Summ       ###.....     34%         4    ####...
 Lightning Bolt           Conj/Air       ####......   36%         5    #####..
 Metabolic Englaciation   Hex/Ice        ###.......   67%         5    #####..
 Yara's Violent Unravell  Hex/Tmut       ###.......   67%         5    #####..


Dungeon Overview and Level Annotations

Branches:
Dungeon (7/15)             Temple (1/1) D:6

Altars:
Fedhas
Gozag
Hepliaklqana
Kikubaaqudgha
Makhleb
Nemelex Xobeh
Okawaru
Sif Muna
Trog
Vehumet
Wu Jian
Xom
Zin
The Shining One
Lugonu

Annotations:
D:7 Duvessa


Innate Abilities, Weirdness & Mutations

Your experience applies equally to all skills.
You have very sharp teeth.
Your uncanny sense of smell can sniff out nearby items.


Message History

The magic dart hits Duvessa.
Duvessa is heavily wounded.
Duvessa hits you with a rapier. Duvessa hits you with a rapier!
Unknown command.
You barely miss Duvessa.
Duvessa is heavily wounded.
Duvessa hits you with a rapier!
You hit Duvessa but do no damage. Lightning courses through Duvessa!
Duvessa is severely wounded.
Duvessa hits you with a rapier!!
* * * LOW HITPOINT WARNING * * *
Casting: Magic Dart (safe; 1% risk of failure)
Confirm with . or Enter, or press ? or * to list all spells.
Aiming: Magic Dart (safe; 1% risk of failure)
Press: ? - help, Shift-Dir - straight line, f/p - Duvessa
Aim: Duvessa, wielding a rapier and wearing a scale mail (severely wounded, The magic dart hits Duvessa.
Duvessa is severely wounded.
Duvessa hits you with a rapier!
You die...

####..##. ##........
.........#...# #.
......$..#...# #.
.........#...# .##
.........#...# ..#
......e..#...# #.#
#@.#...# #.#
##.#...########.##
####................
...........########.##
..##......## #.##
#......#########.##
#.....>..........##
#...).......#######
#..................


You could see Duvessa (berserk).

Vanquished Creatures
  The ghost of JedernureinKreuz the Conjurer, an amateur GnCj of Sif Muna (D:4)
  An ogre (D:5)
  A phantom (D:2)
  4 bullfrogs (D:6)
  Dowan (D:7)
  2 scorpions
  5 wights (D:6)
  3 howler monkeys
  3 crimson imps
  A bullfrog zombie (D:4)
  A hound (D:4)
  An orc priest (D:7)
  Natasha (twice) (D:2)
  An orc wizard (D:3)
  7 worker ants
  A hound zombie (D:5)
  A worker ant zombie (D:6)
  10 gnolls
  8 adders
  A shadow imp (D:6)
  3 oozes
  4 worms
  5 dart slugs
  4 leopard geckos
  19 orcs
  A ball python (D:3)
  3 bats
  7 giant cockroaches
  9 goblins
  3 hobgoblins
  8 jackals (D:1)
  A frilled lizard (D:1)
  8 kobolds
  A leopard gecko skeleton (D:4)
  6 rats
137 creatures vanquished.

Vanquished Creatures (others)
  A sky beast (D:6)
1 creature vanquished.

Grand Total: 138 creatures vanquished

Notes
Turn   | Place    | Note
-------+----------+-------------------------------------------
     0 | D:1      | JedernureinKreuz the Gnoll Conjurer began the quest for the
                  | Orb.
     0 | D:1      | Reached XP level 1. HP: 13/13 MP: 6/6
   101 | D:1      | Reached XP level 2. HP: 19/19 MP: 1/7
   310 | D:1      | Reached XP level 3. HP: 23/25 MP: 5/9
   316 | D:1      | Reached skill level 5 in Spellcasting
   554 | D:1      | Reached skill level 1 in Invocations
   911 | D:2      | Noticed a phantom
   912 | D:2      | Reached skill level 1 in Fighting
   912 | D:2      | Reached skill level 1 in Short Blades
   912 | D:2      | Reached skill level 1 in Long Blades
   912 | D:2      | Reached skill level 1 in Axes
   912 | D:2      | Reached skill level 1 in Maces & Flails
   912 | D:2      | Reached skill level 1 in Polearms
   912 | D:2      | Reached skill level 1 in Staves
   912 | D:2      | Reached skill level 1 in Slings
   912 | D:2      | Reached skill level 1 in Bows
   912 | D:2      | Reached skill level 1 in Crossbows
   912 | D:2      | Reached skill level 1 in Throwing
   912 | D:2      | Reached skill level 1 in Armour
   912 | D:2      | Reached skill level 1 in Shields
   912 | D:2      | Reached skill level 1 in Unarmed Combat
   912 | D:2      | Reached skill level 1 in Evocations
   912 | D:2      | Reached XP level 4. HP: 32/32 MP: 1/11
   921 | D:2      | Killed a phantom
   921 | D:2      | Reached skill level 1 in Hexes
   921 | D:2      | Reached skill level 1 in Charms
   921 | D:2      | Reached skill level 1 in Summonings
   921 | D:2      | Reached skill level 1 in Necromancy
   921 | D:2      | Reached skill level 1 in Translocations
   921 | D:2      | Reached skill level 1 in Transmutations
   921 | D:2      | Reached skill level 1 in Fire Magic
   921 | D:2      | Reached skill level 1 in Ice Magic
   921 | D:2      | Reached skill level 1 in Air Magic
   921 | D:2      | Reached skill level 1 in Earth Magic
   921 | D:2      | Reached skill level 1 in Poison Magic
   921 | D:2      | Reached XP level 5. HP: 37/37 MP: 2/12
  1119 | D:2      | Noticed Natasha
  1126 | D:2      | Killed Natasha
  1463 | D:2      | Found a burning altar of Makhleb.
  1608 | D:2      | Noticed Natasha
  1618 | D:2      | Killed Natasha
  1618 | D:2      | Reached XP level 6. HP: 44/44 MP: 1/13
  2266 | D:3      | Reached skill level 5 in Dodging
  2480 | D:3      | Found a faded altar of an unknown god.
  2839 | D:4      | Reached XP level 7. HP: 50/50 MP: 5/15
  3013 | D:4      | Found an iron altar of Okawaru.
  3124 | D:4      | Found a shimmering altar of Xom.
  3288 | D:4      | Found a large runed door.
  3289 | D:4      | Found a large runed door.
  3292 | D:4      | Noticed JedernureinKreuz's ghost (amateur GnCj)
  3694 | D:4      | Killed JedernureinKreuz's ghost
  3694 | D:4      | Reached skill level 5 in Stealth
  3899 | D:5      | Entered Level 5 of the Dungeon
  3924 | D:5      | Found an opulent altar of Gozag.
  4054 | D:5      | Reached XP level 8. HP: 57/57 MP: 9/16
  4350 | D:5      | Found a bloodstained altar of Trog.
  4355 | D:5      | Found a deep blue altar of Sif Muna.
  4356 | D:5      | Found an ornate altar of the Wu Jian Council.
  4365 | D:5      | Became a worshipper of Sif Muna the Loreminder
  4472 | D:5      | Learned a level 3 spell: Confuse
  4475 | D:5      | Learned a level 2 spell: Swiftness
  4480 | D:5      | Learned a level 4 spell: Throw Icicle
  4515 | D:6      | Found a radiant altar of Vehumet.
  4804 | D:6      | Found a staircase to the Ecumenical Temple.
  4842 | D:6      | Found a sand-covered staircase.
  5219 | D:6      | Reached XP level 9. HP: 65/65 MP: 13/18
  5287 | Temple   | Entered the Ecumenical Temple
  5689 | D:7      | Noticed Dowan
  5692 | D:7      | Noticed Duvessa
  5697 | D:7      | Killed Dowan
  5707 | D:7      | Slain by Duvessa

Skill      XL: |  1  2  3  4  5  6  7  8  9 |
---------------+----------------------------+-----
Spellcasting   | 5 6 |  6.3
Invocations    | 1 2 3 4 |  4.2
Fighting       | 1 2 3 |  3.8
Short Blades   | 1 2 3 |  3.8
Long Blades    | 1 2 3 |  3.8
Axes           | 1 2 3 |  3.8
Maces & Flails | 1 2 3 |  3.8
Polearms       | 1 2 3 |  3.8
Staves         | 1 2 3 |  3.8
Slings         | 1 2 3 |  3.8
Bows           | 1 2 3 |  3.8
Crossbows      | 1 2 3 |  3.8
Throwing       | 1 2 3 |  3.8
Armour         | 1 2 3 |  3.8
Shields        | 1 2 3 |  3.8
Unarmed Combat | 1 2 3 |  3.8
Evocations     | 1 2 3 |  3.8
Hexes          | 1 2 3 |  3.1
Charms         | 1 2 3 |  3.1
Summonings     | 1 2 3 |  3.1
Necromancy     | 1 2 3 |  3.1
Translocations | 1 2 3 |  3.1
Transmutations | 1 2 3 |  3.1
Fire Magic     | 1 2 3 |  3.1
Ice Magic      | 1 2 3 |  3.1
Air Magic      | 1 2 3 |  3.1
Earth Magic    | 1 2 3 |  3.1
Poison Magic   | 1 2 3 |  3.1
Dodging        | 5 6 |  6.0
Stealth        | 5 |  5.7
Conjurations   | |  7.8

Action                   |  1- 3 |  4- 6 |  7- 9 || total
-------------------------+-------+-------+-------++-------
Melee: Unarmed           |     5 |       |       ||     5
       Short sword       |     9 |    60 |    58 ||   127
       Bite              |       |     5 |     4 ||     9
       Punch             |       |       |     2 ||     2
 Cast: Magic Dart        |    55 |   104 |   190 ||   349
       Throw Icicle      |       |       |     3 ||     3
  Use: Scroll            |       |       |     8 ||     8
 Stab: Sleeping          |     1 |     2 |       ||     3
  Eat: Chunk             |       |     6 |     1 ||     7
       Ration            |       |       |     2 ||     2
Armor: Robe              |     4 |       |       ||     4
       Chain mail        |       |    67 |       ||    67
       Leather armour    |       |     2 |     8 ||    10
Dodge: Dodged            |    16 |    28 |    36 ||    80
